 Dungeon Crawl Stone Soup version 0.27-a0-1202-ge72e49191c (webtiles) character file.

Game seed: 16219181235783914419

136 freelancePsychic the Chopper (level 4, -6/39 HPs)
             Began as a Palentonga Fighter on June 4, 2021.
             Mangled by Natasha (7 damage)
             ... on level 1 of the Dungeon.
             The game lasted 00:05:24 (1977 turns).

freelancePsychic the Chopper (Palentonga Fighter)   Turns: 1977, Time: 00:05:25

Health: -6/39      AC:  7    Str: 20    XL:     4   Next: 98%
Magic:  4/4        EV:  5    Int:  8    God:
Gold:   3          SH:  9    Dex: 10    Spells: 3/3 levels left

rFire    . . .     SeeInvis +   a - +1 war axe
rCold    . . .     Faith    .   c - +0 kite shield
rNeg     . . .     Spirit   .   b - +1 scale mail
rPois    .         Reflect  .   (no helmet)
rElec    .         Harm     .   (no cloak)
rCorr    .         Rampage  .   (no gloves)
Will     .....                  (no barding)
Stlth    ..........             (no amulet)
HPRegen  0.13/turn              (no ring)
MPRegen  0.09/turn              (no ring)

@: slowed, very slow
A: large, rugged brown scales 3, see invisible, deformed body, roll 1, armoured
tail
a: Rolling Charge


You were on level 1 of the Dungeon.
You visited 1 branch of the dungeon, and saw 2 of its levels.

You collected 93 gold pieces.
You spent 90 gold pieces at shops.

Inventory:

Hand Weapons
 a - a +1 war axe (weapon)
Armour
 b - a +1 scale mail (worn)
 c - a +0 kite shield (worn)
 e - a +0 chain mail
Scrolls
 g - a scroll of enchant weapon
 j - a scroll of teleportation {@r4}
Potions
 d - a potion of brilliance {unknown}
 f - 2 potions of curing {@q1}
 h - 2 potions of degeneration {unknown}


   Skills:
 + Level 3.8 Fighting
 * Level 4.0 Axes
 - Level 2.4 Armour
 + Level 3.1 Shields


You had 3 spell levels left.
You didn't know any spells.
Your spell library contained the following spells:

 Spells                   Type           Power      Damage    Failure   Level
 Beastly Appendage        Tmut           0%         N/A       99%         1
 Wereblood                Tmut           0%         N/A       100%        2
 Spider Form              Tmut/Pois      0%         N/A       100%        3
 Ice Form                 Ice/Tmut       0%         N/A       100%        4
 Hydra Form               Tmut           0%         N/A       100%        5


Dungeon Overview and Level Annotations

Branches:
Dungeon (2/15)

Altars:

Shops:
D:1 *

Annotations:
D:1 Natasha
D:2 1 runed translucent door, Crazy Yiuf


Innate Abilities, Weirdness & Mutations

You are completely covered in rugged brown scales. (AC +3, +7% HP)
You have supernaturally acute eyesight. (SInv)
Armour fits poorly on your strangely shaped body.
You can roll at nearby foes to attack.
You have a long armoured tail.


Message History

Natasha is heavily wounded.
Natasha stares at you and mumbles some strange words.
You resist with some effort. Natasha claws you!
You hit Natasha but do no damage.
Natasha is moderately wounded.
You block Natasha's attack.
You closely miss Natasha.
Natasha is moderately wounded.
You block Natasha's attack.
Natasha hisses.
Natasha claws you.
You closely miss Natasha.
Natasha is moderately wounded.
Natasha hisses.
You block Natasha's attack.
You closely miss Natasha.
Natasha is moderately wounded.
Natasha claws you. x2
* * * LOW HITPOINT WARNING * * *
You hit Natasha but do no damage.
Natasha is moderately wounded.
Natasha claws you but does no damage.
Your shield and scale mail prevent you from hitting Natasha.
Natasha is moderately wounded.
You block Natasha's attack. Natasha barely misses you.
You slash Natasha!
Natasha is severely wounded.
Natasha claws you!
* * * LOW HITPOINT WARNING * * *
You barely miss Natasha.
Natasha is severely wounded.
Natasha claws you.
* * * LOW HITPOINT WARNING * * *
Natasha casts a spell at you.
You feel yourself slow down.
You completely miss Natasha.
You tail-slap Natasha, but do no damage.
Natasha is severely wounded.
Natasha claws you!
You die...

########### ###### #.........#
#....# #######.........# #....#
#.....#.........# #.(..#
#.....#.........# ##....#
##.....#.........# #.....###
...............)h# ####.....##.
##.....#........@# #.........#.
#.....#.........# #.♣♣........
#.....#.........#####.♣......#..
####...#...........#.......####..
.......####......#.....#######...
..........#......#...#.######....
.......##........).###.........).
.......##.........####...##.##...
###...##..#######.>....#.##.####.


You could see Natasha.

Vanquished Creatures
  Natasha (D:2)
  Terence (D:2)
  3 adders
  A dart slug (D:1)
  4 ball pythons
  4 endoplasms
  3 giant cockroaches
  5 goblins
  7 hobgoblins
  10 jackals (D:1)
  5 bats
  3 frilled lizards
  A kobold (D:1)
  4 rats
52 creatures vanquished.

Notes
Turn   | Place    | Note
-------+----------+-------------------------------------------
     0 | D:1      | freelancePsychic the Palentonga Fighter began the quest for
                  | the Orb.
     0 | D:1      | Reached XP level 1. HP: 19/19 MP: 1/1
   147 | D:1      | Reached XP level 2. HP: 20/25 MP: 2/2
   260 | D:1      | Found Jyism's Assorted Antiques.
   329 | D:1      | Found a faded altar of an unknown god.
   475 | D:1      | Bought a scroll labelled ATSUXTEOXO for 18 gold pieces
   567 | D:1      | Reached XP level 3. HP: 31/31 MP: 3/3
   626 | D:1      | Reached skill level 3 in Axes
  1090 | D:2      | Noticed Terence
  1108 | D:1      | Reached XP level 4. HP: 35/37 MP: 4/4
  1123 | D:1      | Bought a scroll labelled JODGHU GUIMIS for 18 gold pieces
  1277 | D:2      | Killed Terence
  1359 | D:2      | Found a runed translucent door.
  1360 | D:2      | Noticed Crazy Yiuf
  1823 | D:1      | Bought a scroll labelled MOGHAEPLIO for 18 gold pieces
  1823 | D:1      | Bought a scroll labelled RIECWU ASUI for 18 gold pieces
  1823 | D:1      | Bought a scroll labelled BIMITA FIJAPT for 18 gold pieces
  1889 | D:2      | Noticed Natasha
  1894 | D:2      | Killed Natasha
  1895 | D:2      | Reached skill level 4 in Axes
  1946 | D:2      | Noticed Natasha
  1976 | D:1      | HP: 1/39 [Natasha (3)]
  1977 | D:1      | Mangled by Natasha

Illustrated notes

Levels and vault maps discovered:
D:1:      dpeg_arrival_short_road, layout_rooms, shapermc_ecumenical_altar_venn,
          serial_shops, shop, supply_closet_lemuel, solitary_fountain,
          chequers_mini_garden
D:2:      layout_basic, uniq_natasha, uniq_terence, uniq_crazy_yiuf_cottage

Skill      XL: |  1  2  3  4 |
---------------+-------------+-----
Axes           | 3 4 |  4.0
Shields        | 3 |  3.1
Fighting       | |  3.8
Armour         | |  2.4

Action                   |  1- 3 |  4- 6 || total
-------------------------+-------+-------++-------
Melee: War axe           |   103 |    44 ||   147
       Tailslap          |    10 |     1 ||    11
 Abil: Rolling Charge    |    13 |     8 ||    21
  Use: Scroll            |     3 |     8 ||    11
       Potion            |       |     1 ||     1
Armor: Scale mail        |    82 |     8 ||    90
       Chain mail        |     1 |       ||     1
       Skin              |     1 |       ||     1
Dodge: Dodged            |    34 |     7 ||    41
Block: Kite shield       |    65 |    17 ||    82

Table legend: (Time is in decaauts)
 A = Elapsed time spent in this place.
 B = Non-inter-level travel time spent in this place.
 C = Inter-level travel time spent in this place.
 D = Time resting spent in this place.
 E = Time spent auto-exploring this place.
 F = Levels seen in this place.
 G = Mean time per level.
                   A        B        C        D        E       F      G
               +--------+--------+--------+--------+--------+-----+--------+
         Total |   2061 |   1936 |    125 |    430 |   1071 |   2 | 1030.5 |
       Dungeon |   2061 |   1936 |    125 |    430 |   1071 |   2 | 1030.5 |
               +--------+--------+--------+--------+--------+-----+--------+

Top non-repeatable levels by time:
     D:1: 1057 daAuts
     D:2: 1004 daAuts
